 Dungeon Crawl Stone Soup version 0.31.0-9-g3a7656b989 (webtiles) character file.

Game seed: 13458454402113093095

44 GordonOverkill the Trooper (level 3, -1/31 HPs)
             Began as a Demigod Gladiator on Jan 26, 2024.
             Slain by a goblin
             ... wielding a +0 dagger
             ... led by Robin
              (3 damage)
             ... on level 2 of the Dungeon.
             The game lasted 00:01:45 (1071 turns).

GordonOverkill the Trooper (Demigod Gladiator)      Turns: 1071, Time: 00:01:46

Health: -1/31      AC:  5    Str: 15    XL:     3   Next: 23%
Magic:  7/7        EV: 12    Int: 14    God:
Gold:   34         SH:  0    Dex: 15    Spells: 4/4 levels left

rFire   . . .        a - +0 war axe
rCold   . . .        (no shield)
rNeg    . . .        b - +0 leather armour
rPois   .            c - +0 helmet
rElec   .            (no cloak)
rCorr   .            (no gloves)
SInv    .            o - +0 pair of boots
Will    .....        (no amulet)
Stlth   +            n - ring of flight
HPRegen 0.25/turn    (no ring)
MPRegen 0.10/turn

%: no passive effects
@: brilliant, flying
A: high MP 1, forlorn, divine attributes
a: no special abilities


You were on level 2 of the Dungeon.
You visited 1 branch of the dungeon, and saw 2 of its levels.

You collected 34 gold pieces.

Inventory:

Hand Weapons
 a - a +0 war axe (weapon)
Missiles
 d - 3 throwing nets (quivered)
 e - a javelin
Armour
 b - a +0 leather armour (worn)
 c - a +0 helmet (worn)
 o - a +0 pair of boots (worn)
Jewellery
 n - a ring of flight (left hand)
Scrolls
 h - a scroll of noise {unknown}
 k - a scroll of fog {unknown}
Potions
 g - a potion of lignification {unknown}
 i - a potion of magic {unknown}
 j - a potion of resistance {unknown}
 l - a potion of cancellation
 m - a potion of might {unknown}


   Skills:
 - Level 3.0 Fighting
 - Level 2.6 Axes
 - Level 1.7 Throwing
 - Level 2.6 Dodging
 + Level 1.4 Spellcasting


You had 4 spell levels left.
You didn't know any spells.
Your spell library was empty.

Dungeon Overview and Level Annotations

Branches:
Dungeon (2/15)

Annotations:
D:2 Robin


Innate Abilities, Weirdness & Mutations

You have an increased reservoir of magic. (+10% MP)
You shall have no god before yourself.
Your divine heritage dramatically boosts your attributes as you level up.


Message History

You are too injured to fight recklessly!
You barely miss the goblin.
The goblin is severely wounded.
You barely miss the goblin. The goblin hits you with a +0 dagger.
The goblin hits you with a +0 club.
* * * LOW HITPOINT WARNING * * *
The goblin barely misses you.
You closely miss the goblin.
The goblin is severely wounded.
You closely miss the goblin. The goblin hits you but does no damage.
The goblin closely misses you.
You barely miss the goblin.
The goblin is severely wounded.
You hit the goblin but do no damage. The goblin hits you with a +0 club.
* * * LOW HITPOINT WARNING * * *
The goblin hits you but does no damage. The goblin closely misses you.
The goblin hits you with a +0 dagger.
* * * LOW HITPOINT WARNING * * *
You hit the goblin.
You kill the goblin!
You barely miss the goblin. The goblin barely misses you.
Robin throws the goblin at you!
You hit the goblin.
The goblin is severely wounded.
You barely miss the goblin. The goblin hits you with a +0 club.
* * * LOW HITPOINT WARNING * * *
The goblin hits you with a +0 dagger.
* * * LOW HITPOINT WARNING * * *
Okay, then.
It was a potion of cancellation.
You feel magically purged. The goblin hits you with a +0 club.
* * * LOW HITPOINT WARNING * * *
The goblin hits you with a +0 dagger.
* * * LOW HITPOINT WARNING * * *
It was a potion of brilliance.
You feel clever all of a sudden. The goblin hits you with a +0 club.
* * * LOW HITPOINT WARNING * * *
The goblin hits you with a +0 dagger.
You die...

#.....)..........#
########....####.#
.......'....gg)gg#
######
########....####.gg
..#.. #....# ##.g #.#.#
#....# .. #.#.#
#####....# .#
#.#.######+#
#####gggwg...# +#
#.#.#....#.#
#.g@gg###.####
#.#.####'#.# #.#####...#
..#..#.....###.###.).###
####.#.....#....#..###
####.#.......##.#.##
.....'...#.#..#.#.#
...#.#.....†..#.#)#
#######..#.#..#.#.#
##......#.#.#


You could see a ribbon worm, Robin, 4 hobgoblins and 2 goblins.

Vanquished Creatures
  An adder (D:2)
  3 orcs (D:2)
  A giant cockroach (D:2)
  5 goblins
  4 hobgoblins
  4 kobolds
  3 ball pythons (D:1)
  4 bats
  3 frilled lizards
  2 rats (D:2)
30 creatures vanquished.

Notes
Turn   | Place    | Note
-------+----------+-------------------------------------------
     0 | D:1      | GordonOverkill the Demigod Gladiator began the quest for
                  | the Orb.
     0 | D:1      | Reached XP level 1. HP: 17/17 MP: 3/3
   147 | D:1      | Reached skill level 2 in Fighting
   437 | D:1      | Reached XP level 2. HP: 25/25 MP: 4/4
   777 | D:2      | Reached skill level 3 in Fighting
   953 | D:2      | Reached skill level 1 in Spellcasting
   953 | D:2      | Reached XP level 3. HP: 24/31 MP: 5/7
  1035 | D:2      | Noticed Robin
  1071 | D:2      | Slain by a goblin

Illustrated notes

Levels and vault maps discovered:
D:1:      ldierk_walled_garden, layout_loops_ring, corner_web_ring,
          minmay_misc_feat_pillars
D:2:      layout_basic, serial_co_window_serial, co_window_paths_a,
          co_window_corner_a, co_window_paths_a, co_window_paths_b,
          co_window_paths_a, co_window_2corner, co_window_broadway_c,
          co_window_cross_4, co_window_paths_c, co_window_paths_d,
          glass_columns_a, glass_columns_c, glass_columns_a, glass_columns_a,
          kennysheep_generic_room_9, uniq_robin

Skill      XL: |  1  2 |
---------------+-------+-----
Fighting       | 2 3 |  3.0
Spellcasting   | 1 |  1.4
Axes           | |  2.6
Throwing       | |  1.7
Dodging        | |  2.6

Action                     || total
---------------------------++-------
  Melee: War axe           ||    85
         Punch             ||     1
    Use: Scroll            ||     2
         Potion            ||     2
   Stab: Sleeping          ||     2
 Armour: Leather armour    ||    54
  Dodge: Dodged            ||    79
